 Dungeon Crawl Stone Soup version 0.28-a0-461-g2dc4ca5097 (webtiles) character file.

Game seed: 13789071249002508939

24 Zenkrye the Chopper (level 3, 0/23 HPs)
             Began as a Tengu Cinder Acolyte on Sept 13, 2021.
             Was a High Priest of Ignis.
             Slain by Robin (1 damage)
             ... on level 2 of the Dungeon.
             The game lasted 00:02:43 (806 turns).

Zenkrye the Chopper (Tengu Cinder Acolyte)           Turns: 806, Time: 00:02:43

Health: 0/23       AC:  3    Str: 14    XL:     3   Next: 2%
Magic:  5/5        EV: 11    Int: 15    God:    Ignis [*****.]
Gold:   53         SH:  0    Dex:  9    Spells: 1/4 levels left

rFire   + . .      SeeInvis .   a - -1 hand axe (flame)
rCold   . . .      Faith    .   (no shield)
rNeg    . . .      Spirit   .   i - +0 leather armour
rPois   .          Reflect  .   (helmet restricted)
rElec   .          Harm     .   (no cloak)
rCorr   .          Rampage  .   (no gloves)
Will    .....                   (boots unavailable)
Stlth   +.........              (no amulet)
HPRegen 0.07/turn               (no ring)
MPRegen 0.09/turn               (no ring)

@: no status effects
A: beak, talons 3
a: Renounce Religion, Sea of Fire, Foxfire Swarm, Rising Flame


You were on level 2 of the Dungeon.
You worshipped Ignis.
Ignis was extremely pleased with you.
You visited 1 branch of the dungeon, and saw 2 of its levels.

You collected 53 gold pieces.

Inventory:

Hand Weapons
 a - a -1 hand axe of flaming (weapon)
 g - a +0 war axe
Missiles
 c - 53 stones (quivered)
 e - 2 curare-tipped darts
Armour
 b - a +0 robe
 i - a +0 leather armour (worn)
Scrolls
 d - 2 scrolls of teleportation {unknown}
Potions
 f - a potion of attraction {unknown}
 h - a potion of berserk rage {unknown}
 j - a potion of flight {unknown}


   Skills:
 - Level 3.0 Fighting
 + Level 4.2 Axes
 - Level 1.1 Spellcasting
 - Level 3.3 Fire Magic


You had one spell level left.
You knew the following spells:

 Your Spells              Type           Power      Damage    Failure   Level
a - Scorch                Fire           22%        2d6       12%         2
b - Sandblast             Erth           0%         2d4       30%         1

Your spell library contained the following spells:

 Spells                   Type           Power      Damage    Failure   Level
 Passwall                 Tmut/Erth      0%         N/A       43%         2
 Stone Arrow              Conj/Erth      0%         3d7       67%         3


Dungeon Overview and Level Annotations

Branches:
Dungeon (2/15)

Altars:

Annotations:
D:2 Robin


Innate Abilities, Weirdness & Mutations

You have a beak for a mouth.
You have claws for feet.


Message History

Robin of the Strong Arm comes into view.
They are wielding a +0 spear.
You have reached level 3!
Your experience leads to an increase in your attributes!
Increase (s)trength, (i)ntelligence, or (d)exterity?
You feel clever.
Unknown command.
Unknown command.
A bat comes into view.
The bat closely misses you. The bat hits you but does no damage.
The bat barely misses you. The bat barely misses you.
The bat hits you but does no damage. The bat barely misses you.
The bat hits you but does no damage. The bat hits you but does no damage. x2
A goblin comes into view. It is wielding a +0 club.
A hobgoblin comes into view.
The hobgoblin shouts!
The bat barely misses you.
The goblin unwields a +0 club.
The goblin wields a +0 hunting sling.
The goblin shoots a stone.
The stone closely misses you.
Robin roars a battlecry!
The goblins go into a battle-frenzy!
The hobgoblin moves out of view.
The bat closely misses you. The bat hits you but does no damage.
The hobgoblin hits you.
The goblin unwields a +0 hunting sling.
The goblin wields a +0 club.
The goblin closely misses you.
You barely miss the goblin. You claw the goblin, but do no damage.
You hit the bat. You burn the bat.
You kill the bat!
You hit the hobgoblin. You burn the hobgoblin. The hobgoblin barely misses you.
The goblin misses you.
Robin hits you from afar with a +0 spear.
You barely miss the hobgoblin.
The hobgoblin is almost dead.
You barely miss the goblin. The hobgoblin hits you.
The goblin hits you with a +0 club.
* * * LOW HITPOINT WARNING * * *
Robin hits you from afar with a +0 spear.
You die...

#.# ### #.#### ..#
#...). #.# #.#### #.#
##.#### #### #(#
##.....#
#....##.#########.......
......g.g...............
#@#######.........
#(g.g.##..........
#g###.#........... #g#
#.#...........
#.###g#........###
...##†...g#.......##
............+#......#
....#....#..#.......#
.........#..#.......#


You could see Robin, 2 hobgoblins and 3 goblins.

Vanquished Creatures
  A worm (D:2)
  An orc (D:2)
  4 endoplasms
  3 goblins
  A hobgoblin (D:2)
  2 quokkas
  A ball python (D:1)
  3 bats
  3 frilled lizards (D:1)
19 creatures vanquished.

Notes
Turn   | Place    | Note
-------+----------+-------------------------------------------
     0 | D:1      | Zenkrye the Tengu Cinder Acolyte began the quest for the
                  | Orb.
     0 | D:1      | Reached XP level 1. HP: 14/14 MP: 3/3
     4 | D:1      | Noticed a merfolk zombie
    15 | D:1      | Noticed a merfolk zombie
    15 | D:1      | Noticed a merfolk zombie
   185 | D:1      | Reached XP level 2. HP: 15/19 MP: 4/4
   362 | D:1      | Learned a level 2 spell: Scorch
   447 | D:1      | Learned a level 1 spell: Sandblast
   518 | D:2      | Reached skill level 4 in Axes
   794 | D:2      | Noticed Robin
   795 | D:2      | Reached XP level 3. HP: 23/23 MP: 5/5
   806 | D:2      | HP: 1/23 [goblin[Robin] (6)]
   806 | D:2      | Slain by Robin

Illustrated notes

Levels and vault maps discovered:
D:1:      shiori_arrival_whats_in_store_for_you, layout_rooms
D:2:      layout_basic, kennysheep_decorative_pillar, uniq_sigmund, uniq_robin

Skill      XL: |  1  2 |
---------------+-------+-----
Axes           | 4 |  4.2
Fighting       | |  3.0
Spellcasting   | |  1.1
Fire Magic     | |  3.3

Action                   || total
-------------------------++-------
Melee: Hand axe          ||    35
       Kick              ||     7
       Peck              ||     5
Throw: Stone             ||    15
Armor: Robe              ||     2
       Leather armour    ||    11
Dodge: Dodged            ||    31

Table legend: (Time is in decaauts)
 A = Elapsed time spent in this place.
 B = Non-inter-level travel time spent in this place.
 C = Inter-level travel time spent in this place.
 D = Time resting spent in this place.
 E = Time spent auto-exploring this place.
 F = Levels seen in this place.
 G = Mean time per level.
                   A        B        C        D        E       F      G
               +--------+--------+--------+--------+--------+-----+--------+
         Total |    811 |    803 |      8 |     11 |    623 |   2 |  405.5 |
       Dungeon |    811 |    803 |      8 |     11 |    623 |   2 |  405.5 |
               +--------+--------+--------+--------+--------+-----+--------+

Top non-repeatable levels by time:
     D:1: 506 daAuts
     D:2: 304 daAuts
